 Dungeon Crawl Stone Soup version 0.32-a0-407-g4da7c8d6d1 (webtiles) character file.

Game seed: 12518718192735175883

3135307 CobblerOfWar the Conqueror (level 27, 239/273 HPs)
             Began as a Minotaur Fighter on Feb 20, 2024.
             Was a High Priest of Okawaru.
             Escaped with the Orb
             ... and 5 runes!
             The game lasted 02:01:56 (72047 turns).

CobblerOfWar the Conqueror (Minotaur Fighter)      Turns: 72047, Time: 02:01:57

Health: 239/273    AC: 52    Str: 23    XL:     27
Magic:  24/24      EV: 17    Int: 11    God:    Okawaru [*****.]
Gold:   8122       SH: 25    Dex: 16    Spells: 26/26 levels left

rFire   + + .        K - +9 broad axe (freeze)
rCold   + + .        j - +0 tower shield
rNeg    . . .        O - +12 gold dragon scales
rPois   +            U - +0 mask of the Dragon {Will+ Slay+3 SInv}
rElec   +            i - scarf {rC+ rF+}
rCorr   .            F - +1 pair of gloves {Stlth+}
SInv    +            S - +2 pair of boots "Lysenwa" {rPois Will+}
Will    ++++.        z - amulet of regeneration Stlth
                     Z - ring "Ninuim" {rElec rPois Int+6}
HPRegen 1.45/turn    H - ring "Jizyomukk" {rF+ AC+4}
MPRegen 0.19/turn

%: random rage (3%)
@: studying 2 skills
A: horns 2, retaliatory headbutt, iridescent scales 1, berserk 1, clumsy 2, low
MP 2, screaming 1, electricity resistance, inhibited regeneration, weak 1, no
potion heal 1, heat vulnerability 1, subdued magic 1, inability to drink after
injury 1, devolution 2
0: Orb of Zot
}: 5/15 runes: barnacled, slimy, silver, abyssal, gossamer
a: Renounce Religion, Heroism, Finesse, Duel


You escaped.
You worshipped Okawaru.
Okawaru was extremely pleased with you.
You visited 12 branches of the dungeon, and saw 56 of its levels.
You visited the Abyss 2 times.
You visited 1 bazaar.
You also visited: Trove, Gauntlet, Ice Cave, Volcano and Desolation.

You collected 11102 gold pieces.
You spent 2980 gold pieces at shops.

Inventory:

Hand Weapons
 E - a +5 broad axe of flaming
 K - a +9 broad axe of freezing (weapon)
Missiles
 t - 26 silver javelins (quivered)
 W - 39 javelins
Armour
 c - a +2 kite shield of fire resistance
 i - a scarf of resistance (worn)
 j - a +0 tower shield (worn)
 w - a scarf of repulsion
 x - the +2 hat "Gociafya" {*Slow rN+ Regen+}
   (You found it in a treasure trove)

   rN+:       It protects you from negative energy.
   Regen+:    It increases your rate of health regeneration.
   *Slow:     It may slow you when you take damage.
 y - the +18 shield of the Gong {Loud rN+ Will+ rCorr EV-5}
   (You found it in a treasure trove)

   Loud:      It is deafeningly noisy when blocking attacks.
   EV-5:      It affects your evasion (-5).
   rN+:       It protects you from negative energy.
   Will+:     It increases your willpower.
   rCorr:     It protects you from acid and corrosion.
 F - a +1 pair of gloves of stealth (worn)
 O - +12 gold dragon scales (worn)
 S - the +2 pair of boots "Lysenwa" (worn) {rPois Will+}
   (You found it on level 5 of the Lair of Beasts)

   rPois:     It protects you from poison Will+: It increases your willpower.
 U - the +0 mask of the Dragon (worn) {Will+ Slay+3 SInv}
   (Okawaru gifted it to you on level 2 of the Lair of Beasts)

   Slay+3:    It affects your accuracy & damage with ranged weapons and melee
   (+3).
   Will+:     It increases your willpower.
   SInv:      It lets you see invisible.
Jewellery
 a - a ring of positive energy
 u - the amulet "Zawkedur" {Spirit +Blink}
   (You found it in a Gauntlet)

   [amulet of guardian spirit]

   Spirit:    It causes incoming damage to be divided between your reserves of
   health and magic.
   +Blink:    It lets you blink.
 z - an amulet of regeneration (around neck)
 C - a ring of resist corrosion
 H - the ring "Jizyomukk" (right hand) {rF+ AC+4}
   (You took it off a deep elf sorcerer on level 3 of the Elven Halls)

   [ring of protection]

   AC+4:      It affects your AC (+4).
   rF+:       It protects you from fire.
 I - the ring "Wikko Cuzi" {rC+ rCorr MP+9 SInv}
   (You found it in the Desolation of Salt)

   [ring of magical power]

   rC+:       It protects you from cold.
   MP+9:      It affects your magic capacity (+9).
   SInv:      It lets you see invisible.
   rCorr:     It protects you from acid and corrosion.
 L - an amulet of reflection
 Q - the ring of Xupeaschai {rPois rN+ Int+7}
   (You found it on level 5 of the Pits of Slime)

   [ring of poison resistance]

   Int+7:     It affects your intelligence (+7).
   rPois:     It protects you from poison rN+: It protects you from negative
   energy.
 X - the ring of Sunlight {rF+ Will- rCorr SInv}
   (You took it off a deep elf archer on level 3 of the Elven Halls)

   [ring of see invisible]

   rF+:       It protects you from fire.
   Will-:     It decreases your willpower.
   SInv:      It lets you see invisible.
   rCorr:     It protects you from acid and corrosion.
 Z - the ring "Ninuim" (left hand) {rElec rPois Int+6}
   (You found it on level 2 of the Shoals)

   [ring of intelligence]

   Int+6:     It affects your intelligence (+6).
   rElec:     It insulates you from electricity.
   rPois:     It protects you from poison
Wands
 v - a wand of digging (14)
Scrolls
 b - 4 scrolls of fear
 k - 13 scrolls of teleportation {@r3}
 n - 8 scrolls of enchant weapon
 q - 3 scrolls of silence {!r}
 r - 5 scrolls of revelation {@r5}
 A - 12 scrolls of vulnerability {!r}
 B - 9 scrolls of fog {@r2}
 D - 14 scrolls of immolation
 Y - a scroll of blinking {@r4}
Potions
 d - 6 potions of might {@q3}
 e - 2 potions of berserk rage
 f - a potion of brilliance
 g - 19 potions of curing {@q2}
 l - 11 potions of attraction
 m - 3 potions of magic
 p - 10 potions of enlightenment
 s - 12 potions of lignification
 G - 2 potions of resistance
 M - 8 potions of cancellation
 P - a potion of invisibility
 T - 2 potions of haste {@q5}
Miscellaneous
 J - a phial of floods
 R - a lightning rod (4/4)
 V - a condenser vane


   Skills:
 O Level 27 Fighting
 + Level 21.0 Axes
 - Level 16.0 Throwing
 O Level 27 Armour
 O Level 27 Dodging
 O Level 27 Shields
 - Level 12.0 Invocations


You had 26 spell levels left.
You didn't know any spells.
Your spell library contained the following spells:

 Spells                   Type           Power      Damage    Failure   Level
 Apportation              Tloc           0%         N/A       95%         1
 Foxfire                  Conj/Fire      0%         2x1d4     95%         1
 Freeze                   Ice            0%         1d3       95%         1
 Magic Dart               Conj           0%         1d3       95%         1
 Necrotise                Necr           0%         1d4       95%         1
 Shock                    Conj/Air       0%         1d3       95%         1
 Slow                     Hex            0%         N/A       95%         1
 Sting                    Conj/Alch      0%         1d3       95%         1
 Blink                    Tloc           0%         N/A       99%         2
 Cigotuvi's Dreadful Rot  Necr/Alch/Air  0%         N/A       99%         2
 Ensorcelled Hibernation  Hex/Ice        0%         N/A       99%         2
 Jinxbite                 Hex            0%         N/A       99%         2
 Mercury Vapours          Alch/Air       0%         N/A       99%         2
 Scorch                   Fire           0%         2d5       99%         2
 Static Discharge         Conj/Air       0%         3-3/arc   99%         2
 Sublimation of Blood     Necr           0%         N/A       99%         2
 Confusing Touch          Hex            0%         N/A       100%        3
 Frozen Ramparts          Ice            0%         1d1       100%        3
 Fugue of the Fallen      Necr           0%         N/A       100%        3
 Gell's Gravitas          Tloc           0%         N/A       100%        3
 Hailstorm                Conj/Ice       0%         3d5       100%        3
 Mephitic Cloud           Conj/Alch/Air  0%         N/A       100%        3
 Ozocubu's Armour         Ice            0%         N/A       100%        3
 Sigil of Binding         Hex            0%         N/A       100%        3
 Swiftness                Air            0%         N/A       100%        3
 Teleport Other           Tloc           0%         N/A       100%        3
 Vampiric Draining        Necr           0%         2d6       100%        3
 Volatile Blastmotes      Fire/Tloc      0%         2d10      100%        3
 Airstrike                Air            0%         2d(0-16)  100%        4
 Anguish                  Hex/Necr       0%         N/A       100%        4
 Brom's Barrelling Bould  Conj/Erth      0%         2d3       100%        4
 Cause Fear               Hex            0%         N/A       100%        4
 Dimensional Bullseye     Hex/Tloc       0%         N/A       100%        4
 Dispel Undead            Necr           0%         3d6       100%        4
 Flame Wave               Conj/Fire      0%         2d4       100%        4
 Fulminant Prism          Conj/Alch      0%         3d5       100%        4
 Ignite Poison            Fire/Alch      0%         N/A       100%        4
 Iskenderun's Mystic Bla  Conj/Tloc      0%         2d3       100%        4
 Manifold Assault         Tloc           0%         N/A       100%        4
 Passage of Golubria      Tloc           0%         N/A       100%        4
 Sticky Flame             Fire/Alch      0%         2d4       100%        4
 Vhi's Electric Charge    Tloc/Air       0%         N/A       100%        4
 Alistair's Intoxication  Alch           0%         N/A       100%        5
 Arcjolt                  Conj/Air       0%         1d10      100%        5
 Borgnjor's Vile Clutch   Necr/Erth      0%         N/A       100%        5
 Curse of Agony           Necr           0%         N/A       100%        5
 Fireball                 Conj/Fire      0%         3d3       100%        5
 Freezing Cloud           Conj/Ice/Air   0%         6-21      100%        5
 Iskenderun's Battlesphe  Conj           0%         2d6       100%        5
 Lee's Rapid Deconstruct  Erth           0%         3d4*      100%        5
 Metabolic Englaciation   Hex/Ice        0%         N/A       100%        5
 Silence                  Hex/Air        0%         N/A       100%        5
 Yara's Violent Unravell  Hex/Alch       0%         3d3       100%        5
 Bombard                  Conj/Erth      0%         9d1       100%        6
 Conjure Ball Lightning   Conj/Air       0%         3x3d6     100%        6
 Dispersal                Tloc           0%         N/A       100%        6
 Eringya's Noxious Bog    Alch           0%         4d6       100%        6
 Plasma Beam              Fire/Air       0%         2x1d10    100%        6
 Starburst                Conj/Fire      0%         6d3       100%        6
 Enfeeble                 Hex            0%         N/A       100%        7
 Orb of Destruction       Conj           0%         9d5       100%        7
 Ignition                 Fire           0%         3d3       100%        8
 Lehudib's Crystal Spear  Conj/Erth      0%         10d2      100%        8
 Chain Lightning          Conj/Air       0%         N/A       100%        9
 Call Imp                 Summ           Unusable   N/A       N/A         2
 Summon Ice Beast         Ice/Summ       Unusable   N/A       N/A         3
 Tukima's Dance           Hex            Unusable   N/A       N/A         3
 Animate Armour           Summ/Erth      Unusable   N/A       N/A         4
 Martyr's Knell           Necr/Summ      Unusable   N/A       N/A         4
 Summon Lightning Spire   Summ/Air       Unusable   N/A       N/A         4
 Death Channel            Necr           Unusable   N/A       N/A         6
 Sculpt Simulacrum        Ice/Alch       Unusable   N/A       N/A         6
 Summon Cactus Giant      Summ           Unusable   N/A       N/A         6
 Spellforged Servitor     Conj/Summ      Unusable   N/A       N/A         7
 Summon Hydra             Summ           Unusable   N/A       N/A         7

Dungeon Overview and Level Annotations

Branches:
Dungeon (15/15)            Temple (0/1) D:6            Lair (5/5) D:10
 Shoals (4/4) Lair:2       Spider (4/4) Lair:3        Slime (5/5) Lair:4
    Orc (2/2) D:10            Elf (3/3) Orc:2        Vaults (5/5) D:13
  Crypt (3/3) Vaults:2       Tomb (0/3) Crypt:3      Depths (4/4) D:15
   Hell (visited)             Zot (5/5) Depths:4      IceCv (visited)
Volcano (visited)         Desolation (visited)      Gauntlet (visited)
    Dis: Hell:1         Geh: Hell:1         Coc: Hell:1         Tar: Hell:1

Altars:
Ashenzari
Fedhas
Gozag
Kikubaaqudgha
Makhleb
Nemelex Xobeh
Okawaru
Qazlal
Ru
Trog
Uskayaw
Vehumet
Wu Jian
Xom
Yredelemnul
Zin
Beogh
Jiyva
Lugonu

Shops:
D:5 *   D:12 *   Orc:2 *([(   Elf:3 *   Shoals:2 ([**   Shoals:3 ?   Vaults:1 !
Vaults:3 *   Depths:1 *[[   Depths:2 ?**([

Portals:
Hell: Depths:1 Depths:2 Depths:3 Depths:4
Abyss: Lair:5 Depths:3
Pandemonium: Depths:2
Ziggurat: Depths:3

Annotations:
Vaults:4 Mara
Hell Geryon
Zot:3 1 runed translucent door, Noulax's ghost, master HuWn


Innate Abilities, Weirdness & Mutations

You have a pair of horns on your head.
You reflexively headbutt those who attack you in melee.
You are partially covered in iridescent scales. (AC +2)
You sometimes lose your temper in combat.
You are very clumsy. (Dex -4)
Your magical capacity is very low. (-20% MP)
You occasionally shout uncontrollably at your foes.
You are resistant to electric shocks. (rElec)
You do not regenerate when monsters are visible.
You are weak. (Str -2)
Potions are less effective at restoring your health.
You are vulnerable to heat. (rF-)
Your spells are a little easier to cast, but a little less powerful.
You occasionally lose the ability to drink potions when taking damage.
You have terrible hidden genetic defects.


Message History

There is an open door here.
You see here a +0 sling.
Jyalangi comes into view.
Jyalangi screams, "Flounder, thou euchred rump-fed measle!"
Jyalangi moves out of view.
There is a stone staircase leading up here.
You climb upwards.
There is a stone staircase leading down here.
A sixfirhy comes into view.
You block the sixfirhy's attack. x2; The sixfirhy misses you.
You block the sixfirhy's attack.
You slash the sixfirhy! You freeze the sixfirhy. You headbutt the sixfirhy.
The sixfirhy is heavily wounded.
You block the sixfirhy's attack. x2; The sixfirhy barely misses you.
You furiously retaliate!
You headbutt the sixfirhy! You hit the sixfirhy. You freeze the sixfirhy.
Your headbutt misses the sixfirhy.
The sixfirhy is almost dead.
You completely miss the sixfirhy. You headbutt the sixfirhy.
You kill the sixfirhy!
Okawaru accepts your kill.
A rust devil comes into view.
You block the rust devil's attack.
You slash the rust devil! You freeze the rust devil.
Your headbutt misses the rust devil.
The rust devil is heavily wounded.
You slice the rust devil!! You headbutt the rust devil.
You kill the rust devil!
Okawaru accepts your kill.
Your magic seems less tainted.
There is a stone staircase leading up here.
You climb upwards.
There is a stone staircase leading down here.
Aiming: Dig
Press: ? - help, Q - select action, (/) - cycle Shift-Dir - straight line You can't see that place. [a staircase leading out of the dungeon.]
The rock shatters into small pieces.
There is a staircase leading out of the dungeon here.
You have escaped!

######..........[.......#.....#
.......#####..................#
.......###....................#
...........#..................#
........####.#................#
..............................#
........##...###..>##...#.....#
..........######.##########.###
.....######.....@.....#######
.#####.....................#####
##...........###.###...........##
......######'##...#########......
...####...#...#.>.#...#...####...
.###..#...'...'...'...'...#..###.
###...#...##.#######.##...#...###
..'...'...####.....#'##...'...'..
ยงยง#...#..)##.........##...#...#..


There were no monsters in sight!

Vanquished Creatures
  the Royal Jelly (Slime:5)
  Dissolution (Slime:3)
  4 dread liches
  Tiamat (Zot:2)
  Khufu (Crypt:1)
  Frederick (Vaults:4)
  11 orbs of fire
  3 ancient liches
  A juggernaut (Depths:3)
  Xtahua (Vaults:2)
  2 royal mummies (Crypt:2)
  Josephina (Depths:4)
  Sojobo (Crypt:2)
  Saint Roka (Orc:2)
  4 Killer Klowns
  3 curse toes
  Nikola (Shoals:4)
  A pandemonium lord (Zot:1)
  9 golden dragons
  3 bone dragons
  Jory (Vaults:4)
  A hellephant (Depths:1)
  3 electric golems
  A Brimstone Fiend (D:3)
  Jorgrun (D:14)
  20 tentacled monstrosities
  30 Orb Guardians
  A shard shrike skeleton (Crypt:3)
  Mlioglotl (Spider:3)
  6 liches
  A titan (Vaults:5)
  Murray (Depths:4)
  5 sphinxes
  5 quicksilver dragons
  An Executioner (D:10)
  3 deep elf master archers
  2 deep elf blademasters
  2 tentacled starspawn (Abyss:4)
  10 ancient champions
  23 acid blobs
  4 death cobs
  Aizul (Spider:3)
  Agnes (Spider:3)
  Kirke (Elf:1)
  11 tengu reavers
  9 draconian monks
  The ghost of Agetab the Devastator, an adept DECj of Sif Muna (Shoals:2)
  Roxanne (Shoals:1)
  A demonspawn warmonger (Zot:1)
  12 draconian knights
  Donald (Shoals:4)
  2 revenants
  9 shadow dragons
  14 storm dragons
  7 fire giants
  12 rockslimes
  4 protean progenitors (Zot:1)
  20 azure jellies
  3 frost giants
  Ilsuiw (Shoals:3)
  2 iron dragons
  9 draconian scorchers
  6 emperor scorpions
  13 ghost moths
  7 deep elf sorcerers
  2 imperial myrmidons (Desolation)
  6 draconian shifters
  18 vault wardens
  A balrug (Depths:2)
  An angel (D:5)
  6 curse skulls
  7 draconian stormcallers
  6 ghouls
  14 quicksilver oozes
  3 deep elf elementalists (Elf:3)
  An orc warlord (Vaults:1)
  39 very ugly things
  20 ironbound preservers
  5 reapers
  12 draconian annihilators
  A caustic shrike skeleton (Crypt:3)
  11 ironbound thunderhulks
  A demonspawn blood saint (Zot:1)
  2 spriggan defenders (Depths:4)
  8 formless jellyfish
  17 stone giants
  A broodmother (Spider:3)
  A juggernaut skeleton (Crypt:3)
  7 vampire knights
  A cacodemon (Zot:1)
  10 deep elf demonologists
  A demonspawn corrupter (Zot:1)
  18 green draconians
  7 deep elf death magi
  A halazid warlock (Desolation)
  16 purple draconians
  17 black draconians
  12 white draconians
  14 dire elephants
  A deep elf annihilator (Elf:3)
  A war gargoyle (Vaults:4)
  A lorocyproca (Depths:4)
  A minotaur (Gauntlet)
  9 red draconians
  An iron golem (Depths:4)
  5 spark wasps
  12 ettins
  20 yellow draconians
  Snorg (Lair:5)
  2 eidola
  A blizzard demon (Depths:2)
  A ragged hierophant (Desolation)
  14 fire dragons
  9 merfolk impalers
  11 yaktaur captains
  3 crystal guardians (Desolation)
  9 jiangshi
  An entropy weaver (shapeshifter) (D:15)
  6 merfolk javelineers
  4 deep elf high priests
  7 entropy weavers
  8 great orbs of eyes
  A hell beast (Depths:2)
  44 vault guards
  4 rakshasas
  Fannar (D:10)
  6 servants of whispers (Desolation)
  Erolcha (Orc:2)
  11 peacekeepers (Desolation)
  6 hydras
  2 ogre magi
  13 centaur warriors
  2 quicksilver dragon skeletons (Crypt:3)
  8 ice dragons
  4 spriggan air magi
  3 spriggan skeletons (Crypt:3)
  A juggernaut simulacrum (Depths:4)
  A fenstrider witch skeleton (Crypt:3)
  11 ironbound frosthearts
  5 jorogumos
  3 catoblepae
  2 satyrs (Shoals:4)
  33 dancing weapons
  5 death yaks (Lair:5)
  7 merfolk aquamancers
  2 merfolk avatars
  6 radroaches
  9 two-headed ogres
  9 deep troll earth magi
  3 hell hogs (Depths:1)
  6 tengu warriors
  11 boulder beetles
  5 thrashing horrors
  9 demonic crawlers
  6 vampire magi
  2 occultists
  An orc high priest (Orc:2)
  7 spriggan berserkers
  12 deep elf knights
  A shock serpent (Depths:2)
  Nergalle (Orc:1)
  2 hell knights
  3 naga sharpshooters (Depths:2)
  2 soul eaters
  6 skysharks
  A wretched star (Abyss:3)
  A salamander mystic (Volcano)
  A shadow wraith (Vaults:5)
  2 titan skeletons (Crypt:3)
  49 skeletal warriors
  5 sun demons
  A skyshark (shapeshifter) (Depths:2)
  5 iron trolls
  3 sixfirhies
  7 pharaoh ants
  7 sea snakes
  A spatial maelstrom (Abyss:4)
  3 swamp dragons (Zot:1)
  Lodul (D:11)
  A glowing orange brain (shapeshifter) (D:13)
  A deep troll (shapeshifter) (Vaults:4)
  7 orb spiders
  7 arcanists
  9 glowing orange brains
  3 shadow demons
  3 sun moths
  2 goliath frogs (Zot:1)
  6 flayed ghosts
  3 bunyip skeletons (Crypt:3)
  11 deep elf archers
  17 ironbound convokers
  6 orc knights
  A death drake (shapeshifter) (Vaults:5)
  16 deep elf zephyrmancers
  35 deep trolls
  4 lindwurms
  15 harpies
  A necromancer (Depths:4)
  3 bog bodies
  19 starcursed masses
  8 phantasmal warriors
  35 ugly things
  25 wolf spiders
  11 steelbarb worms
  22 deep elf pyromancers
  An iron giant skeleton (Crypt:3)
  An anaconda skeleton (Crypt:3)
  A glowing shapeshifter (Depths:1)
  15 manticores
  A worldbinder (Abyss:1)
  4 salamanders (Volcano)
  35 moths of wrath
  5 orc sorcerers
  23 cyclopes
  An elephant (shapeshifter) (Depths:3)
  7 shining eyes
  3 fauns (Shoals:2)
  4 kobold blastminers (Orc:1)
  6 torpor snails
  A meliai (shapeshifter) (D:15)
  2 ice statues (IceCv)
  12 vault sentinels
  7 meliai
  3 elephants (Lair:2)
  A stone giant skeleton (Crypt:3)
  2 rust devils
  6 gargoyles
  7 merfolk sirens
  2 apocalypse crabs (Abyss:4)
  4 smoke demons
  5 guardian serpents (Desolation)
  12 large abominations
  6 molten gargoyles
  A storm dragon simulacrum (Depths:4)
  Maggie (D:8)
  4 black mambas
  A cane toad (shapeshifter) (D:14)
  4 eyes of devastation
  An orange demon (Abyss:1)
  6 water nymphs
  The ghost of TungstenOldMan the Magician, a novice DjCj (D:5)
  6 cane toads
  An unseen horror (shapeshifter) (D:14)
  Jeremiah (D:9)
  24 yaktaurs
  14 komodo dragons
  A green draconian zombie (Crypt:1)
  5 kobold demonologists
  3 efreet
  5 freezing wraiths
  2 rime drakes (Lair:5)
  A dire elephant skeleton (Crypt:3)
  6 ancient zymes
  A hellion (Zot:4)
  8 harpy zombies
  8 ice devils
  A black draconian skeleton (Crypt:1)
  An anaconda simulacrum (IceCv)
  5 tengu conjurers
  A queen bee (Depths:2)
  7 wind drakes
  23 merfolk
  A golden dragon simulacrum (Depths:4)
  A silent spectre (Abyss:3)
  9 trolls
  A shadow dragon simulacrum (Depths:4)
  A polar bear (Lair:4)
  Prince Ribbit (D:9)
  A tarantella (shapeshifter) (Depths:1)
  8 hornets
  A jumping spider zombie (Crypt:2)
  39 saltlings (Desolation)
  3 harpy skeletons
  Grinder (D:3)
  3 glass eyes
  2 raiju (Lair:5)
  6 snapping turtles
  4 dream sheep (Shoals:4)
  24 tarantellas
  17 blink frogs
  A meliai zombie (Crypt:2)
  118 slime creatures
  Sigmund (D:5)
  6 dire elephant simulacra (IceCv)
  24 jumping spiders
  24 culicivoras
  3 air elementals
  4 ettin skeletons
  7 wyverns
  4 ynoxinuls
  3 spriggans
  10 water elementals
  A shadow (D:11)
  3 hogs (Elf:1)
  A vampire (D:11)
  4 humans (Elf:1)
  3 neqoxecs
  41 yaks
  Grum (D:9)
  12 basilisks
  5 fire elementals
  2 steam dragons
  10 wraiths
  2 golden eyes (Slime:5)
  A wind drake skeleton (Crypt:3)
  57 redbacks
  A warg (Orc:1)
  12 vampire mosquitoes
  4 chaos spawn
  A spatial vortex (Abyss:4)
  A swamp worm (shapeshifter) (Depths:3)
  2 two-headed ogre zombies
  12 water moccasins
  3 hydra simulacra (IceCv)
  3 acid dragons
  6 hell hounds
  3 naga skeletons (Crypt:3)
  An acid dragon (shapeshifter) (D:14)
  40 orc warriors
  A blink frog zombie (Crypt:2)
  An ice beast (D:4)
  A black bear (D:6)
  28 laughing skulls
  A manticore zombie (Shoals:1)
  14 ogres
  30 wolves
  6 boggarts
  10 centaurs
  A phantom (D:5)
  A draconian zombie (Crypt:3)
  3 weeping skulls
  2 kobold brigands
  16 bullfrogs
  4 gnoll sergeants
  A two-headed ogre simulacrum (IceCv)
  A cane toad simulacrum (IceCv)
  2 elf zombies
  5 earth elementals
  10 small abominations
  2 scorpions (D:7)
  A wyvern skeleton (Crypt:2)
  13 wights
  9 killer bees (D:7)
  5 howler monkeys
  4 electric eels
  6 crimson imps (Abyss:4)
  2 jellies
  A quasit (Abyss:2)
  2 bombardier beetles
  7 hounds
  Crazy Yiuf (D:2)
  A gnoll bouda (D:7)
  28 orc priests
  A bullfrog skeleton (Crypt:2)
  A sleepcap (D:7)
  Jessica (D:2)
  28 orc wizards
  A human skeleton (Crypt:1)
  2 spriggan simulacra
  An ogre zombie (Crypt:1)
  A hound zombie (Crypt:3)
  A mummy (Crypt:2)
  Robin (D:1)
  22 gnolls
  6 adders
  3 shadow imps (D:8)
  4 white imps
  An ufetubus (IceCv)
  An adder skeleton (Crypt:1)
  A ribbon worm (D:5)
  113 orcs
  6 ball pythons
  A bat zombie (Shoals:1)
  7 endoplasms
  A giant cockroach (D:2)
  15 goblins
  16 hobgoblins
  4 jackals (D:3)
  21 kobolds
  5 quokkas
  12 bats
  An endoplasm zombie (Crypt:3)
  13 frilled lizards
  8 rats
  2 starspawn tentacles (Abyss:4)
2772 creatures vanquished.

Vanquished Creatures (others)
  A tengu reaver (Depths:3)
  A draconian knight (Zot:3)
  A ghost moth (Zot:3)
  A deep troll shaman (Depths:3)
  A deep elf knight (Elf:3)
  A deep troll (Vaults:4)
  A deep elf archer (Elf:1)
  A deep elf zephyrmancer (Elf:2)
  A wolf spider (Spider:4)
  A saltling (Desolation)
  A centaur simulacrum (D:14)
  A slime creature (D:14)
  A water elemental (Depths:4)
  A wraith (D:14)
  A fire elemental (Elf:2)
  A redback (Spider:4)
  An ogre (Vaults:5)
  A rat (D:5)
  4 starspawn tentacles (Abyss:4)
22 creatures vanquished.

Grand Total: 2794 creatures vanquished

Notes
Turn   | Place    | Note
-------+----------+-------------------------------------------
     0 | D:1      | CobblerOfWar the Minotaur Fighter began the quest for the
                  | Orb.
     0 | D:1      | Reached XP level 1. HP: 19/19 MP: 0/0
   430 | D:1      | Reached XP level 2. HP: 27/27 MP: 1/1
   489 | D:1      | Reached XP level 3. HP: 33/33 MP: 2/2
   773 | D:2      | Noticed Robin
   785 | D:1      | Reached XP level 4. HP: 18/40 MP: 3/3
   892 | D:1      | Killed Robin
  1110 | D:2      | Noticed Jessica
  1120 | D:2      | Killed Jessica
  1121 | D:2      | Reached XP level 5. HP: 12/47 MP: 4/4
  1275 | D:2      | Found a runed translucent door.
  1276 | D:2      | Noticed Crazy Yiuf
  1523 | D:2      | Killed Crazy Yiuf
  1528 | D:2      | Identified the +2 hammer "Demonslayer" {flame, rC+ Str+2
                  | Dex+2}
  1645 | D:3      | Reached skill level 5 in Axes
  1668 | D:3      | Noticed Grinder
  1679 | D:3      | Killed Grinder
  1680 | D:3      | Reached skill level 5 in Fighting
  1680 | D:3      | Reached skill level 5 in Armour
  1680 | D:3      | Reached skill level 5 in Shields
  1680 | D:3      | Reached XP level 6. HP: 36/56 MP: 5/5
  1799 | D:3      | Found a radiant altar of Vehumet.
  2271 | D:4      | Found a shimmering altar of Xom.
  2272 | D:4      | Found a shimmering altar of Xom.
  2453 | D:4      | Reached XP level 7. HP: 54/61 MP: 4/6
  2599 | D:4      | Identified the +1 robe of the End {rElec rPois Will-
                  | Archmagi}
  3013 | D:5      | Entered Level 5 of the Dungeon
  3015 | D:5      | Noticed Sigmund
  3064 | D:5      | Killed Sigmund
  3161 | D:5      | Reached XP level 8. HP: 51/70 MP: 3/7
  3466 | D:5      | Found Tokeqite's Overcharged Wands.
  3588 | D:5      | Found a runed translucent door.
  3591 | D:5      | Noticed TungstenOldMan's ghost (novice DjCj)
  3768 | D:5      | Found a runed translucent door.
  4291 | D:6      | Noticed a cyclops
  4317 | D:6      | Found a blossoming altar of Fedhas.
  4319 | D:6      | Found a transporter.
  4492 | D:6      | Found a staircase to the Ecumenical Temple.
  4535 | D:6      | Found an ancient bone altar of Kikubaaqudgha.
  4576 | D:6      | Found an iron altar of Okawaru.
  4601 | D:6      | Became a worshipper of Warmaster Okawaru
  4678 | D:6      | Found a transporter.
  4783 | D:6      | Identified a scroll of acquirement
  5001 | D:6      | Reached XP level 9. HP: 58/66 MP: 5/8
  5200 | D:7      | Reached skill level 1 in Invocations
  5331 | D:7      | Reached * piety under Okawaru
  5735 | D:7      | Found a glowing silver altar of Zin.
  5735 | D:7      | Found a stormy altar of Qazlal.
  5840 | D:7      | Reached skill level 10 in Axes
  6610 | D:8      | Found a transporter.
  6613 | D:8      | Found a transporter.
  6624 | D:8      | Found an opulent altar of Gozag.
  6672 | D:8      | Identified the +0 trident "ETAOIN SHRDLU" {freeze, rN+
                  | Int+2}
  6682 | D:8      | Found a hide-covered altar of Uskayaw.
  6699 | D:8      | Identified the +2 dagger of the Inferno {freeze, rC-
                  | Will++}
  6707 | D:8      | Reached ** piety under Okawaru
  6760 | D:8      | Found a basalt altar of Yredelemnul.
  6765 | D:8      | Found a burning altar of Makhleb.
  6806 | D:8      | Noticed a two-headed ogre
  6811 | D:8      | Noticed Maggie
  6812 | D:8      | Reached XP level 10. HP: 80/89 MP: 7/11
  7069 | D:8      | Killed a two-headed ogre
  7388 | D:8      | Killed Maggie
  7646 | D:9      | Noticed Jeremiah
  7826 | D:9      | Killed Jeremiah
  8356 | D:9      | Reached *** piety under Okawaru
  8445 | D:9      | Noticed Grum
  8473 | D:9      | Killed Grum
  8506 | D:9      | Noticed Prince Ribbit
  8529 | D:9      | Killed Prince Ribbit
  8905 | D:9      | Noticed a two-headed ogre
  8913 | D:9      | Killed a two-headed ogre
  8913 | D:9      | Reached **** piety under Okawaru
  8957 | D:9      | Found an ornate altar of the Wu Jian Council.
  9363 | D:10     | Entered Level 10 of the Dungeon
  9383 | D:10     | Found a staircase to the Lair.
  9395 | D:10     | Reached XP level 11. HP: 85/97 MP: 10/13
  9508 | D:10     | Found a sparkling altar of Nemelex Xobeh.
  9569 | D:10     | Noticed Fannar
  9599 | D:10     | Killed Fannar
  9600 | D:10     | Reached skill level 5 in Invocations
  9778 | D:10     | Found a broken altar of Ashenzari.
 10423 | D:10     | Found a sacrificial altar of Ru.
 10440 | D:10     | Found a staircase to the Orcish Mines.
 10514 | D:10     | Reached ***** piety under Okawaru
 10857 | D:10     | Reached skill level 10 in Fighting
 10858 | D:10     | Reached skill level 10 in Armour
 10993 | Lair:1   | Entered Level 1 of the Lair of Beasts
 11109 | Lair:1   | Reached skill level 10 in Shields
 11888 | Lair:2   | Reached ****** piety under Okawaru
 11890 | Lair:2   | Received a gift from Okawaru
 11891 | Lair:2   | Reached XP level 12. HP: 88/108 MP: 12/15
 11945 | Lair:2   | Acquired the +3 executioner's axe "Ituppa" {speed, Fly
                  | rPois rCorr Int-2}
 11945 | Lair:2   | Received a gift from Okawaru
 11946 | Lair:2   | Acquired the +0 mask of the Dragon {Will+ Slay+3 SInv}
 11946 | Lair:2   | Received a gift from Okawaru
 11946 | Lair:2   | Found the +0 mask of the Dragon {Will+ Slay+3 SInv}
 12224 | Lair:2   | Noticed a catoblepas
 12236 | Lair:2   | Killed a catoblepas
 12438 | Lair:2   | Found a shimmering altar of Xom.
 12547 | Lair:2   | Found a staircase to the Shoals.
 12556 | Lair:2   | Received a gift from Okawaru
 12557 | Lair:2   | Reached skill level 15 in Axes
 12564 | Lair:2   | Reached skill level 1 in Dodging
 12991 | Lair:3   | Found a dark tunnel.
 13001 | Volcano  | Entered a volcano
 13495 | Volcano  | Noticed an orb of fire
 13524 | Volcano  | Noticed an orb of fire
 13748 | Volcano  | Received a gift from Okawaru
 13831 | Volcano  | Reached XP level 13. HP: 117/117 MP: 17/17
 14513 | Lair:3   | Found a hole to the Spider Nest.
 15213 | Lair:4   | Received a gift from Okawaru
 15274 | Lair:4   | Found a staircase to the Slime Pits.
 15274 | Lair:4   | Found a viscous altar of Jiyva.
 15428 | Lair:4   | Found a frozen archway.
 15452 | IceCv    | Entered an ice cave
 15902 | IceCv    | Received a gift from Okawaru
 15959 | IceCv    | Noticed a reaper
 15966 | IceCv    | Killed a reaper
 16332 | Lair:5   | Entered Level 5 of the Lair of Beasts
 16347 | Lair:5   | Reached skill level 5 in Dodging
 16521 | Lair:5   | Received a gift from Okawaru
 16575 | Lair:5   | Noticed Snorg
 16584 | Lair:5   | Killed Snorg
 16686 | Lair:5   | Reached XP level 14. HP: 127/127 MP: 19/19
 16853 | Lair:5   | Received a gift from Okawaru
 17100 | Lair:5   | Found a corrupted altar of Lugonu.
 17100 | Lair:5   | Found a one-way gate to the infinite horrors of the Abyss.
 17146 | Lair:5   | Identified the +2 pair of boots "Lysenwa" {rPois Will+}
 17259 | Lair:5   | Received a gift from Okawaru
 17675 | Orc:1    | Entered Level 1 of the Orcish Mines
 17861 | Orc:1    | Noticed Nergalle
 17868 | Orc:1    | Killed Nergalle
 17969 | Orc:1    | Found a bloodstained altar of Trog.
 18255 | Orc:2    | Entered Level 2 of the Orcish Mines
 18256 | Orc:2    | Found a staircase to the Elven Halls.
 18360 | Orc:2    | Found a roughly hewn altar of Beogh.
 18361 | Orc:2    | Found Noarchu's General Store.
 18403 | Orc:2    | Found a gate leading to a gauntlet.
 18432 | Gauntlet | Entered a Gauntlet
 18432 | Gauntlet | Found a transporter.
 18432 | Gauntlet | Found a transporter.
 18432 | Gauntlet | Found a transporter.
 18432 | Gauntlet | Found a transporter.
 18436 | Gauntlet | Found a transporter.
 18450 | Gauntlet | Found a transporter.
 18452 | Gauntlet | Found a transporter.
 18459 | Gauntlet | Found a transporter.
 18467 | Gauntlet | Found a transporter.
 18484 | Gauntlet | Found a transporter.
 18492 | Gauntlet | Found a transporter.
 18509 | Gauntlet | Found a transporter.
 18717 | Gauntlet | Identified the +1 helmet "Tiriloid" {Rampage rF+}
 18744 | Gauntlet | Identified the amulet "Zawkedur" {Spirit +Blink}
 18745 | Gauntlet | Got Sunis's Handbook of the Macabre Wendigo
 18819 | Orc:2    | Noticed Erolcha
 18824 | Orc:2    | Killed Erolcha
 18842 | Orc:2    | Received a gift from Okawaru
 18858 | Orc:2    | Found a roughly hewn altar of Beogh.
 18917 | Orc:2    | Bought 2 potions of curing for 90 gold pieces
 19150 | Orc:2    | Found a roughly hewn altar of Beogh.
 19150 | Orc:2    | Found Wah Tog's Antique Weapon Boutique.
 19190 | Orc:2    | Found a roughly hewn altar of Beogh.
 19397 | Orc:2    | Noticed Saint Roka
 19416 | Orc:2    | Found Osounk's Antique Weapon Emporium.
 19433 | Orc:2    | Killed Saint Roka
 19434 | Orc:2    | Reached skill level 10 in Invocations
 19436 | Orc:2    | Found a roughly hewn altar of Beogh.
 19518 | Orc:2    | Found Odwegimo's Antique Armour Shoppe.
 19669 | D:11     | Received a gift from Okawaru
 19740 | D:11     | Noticed Lodul
 19745 | D:11     | Reached XP level 15. HP: 110/138 MP: 21/21
 19754 | D:11     | Killed Lodul
 20185 | D:12     | Found Kukuuth's General Store.
 20894 | D:13     | Received a gift from Okawaru
 21251 | D:13     | Found a gate to the Vaults.
 21705 | D:14     | Reached skill level 15 in Armour
 21709 | D:14     | Reached skill level 15 in Fighting
 21723 | D:14     | Received a gift from Okawaru
 21745 | D:14     | Reached skill level 15 in Shields
 21792 | D:14     | Noticed Jorgrun
 21941 | D:14     | Received a gift from Okawaru
 22071 | D:13     | Reached XP level 16. HP: 135/151 MP: 23/23
 22097 | D:14     | Killed Jorgrun
 22786 | D:15     | Entered Level 15 of the Dungeon
 23048 | D:15     | Received a gift from Okawaru
 23062 | D:15     | Identified the +1 pair of gloves of Satisfaction {+Inv
                  | Will+ Str-4}
 23191 | D:15     | Found a blossoming altar of Fedhas.
 23556 | D:15     | Found a staircase to the Depths.
 23833 | D:5      | Killed TungstenOldMan's ghost
 24394 | Spider:1 | Entered Level 1 of the Spider Nest
 24749 | Spider:1 | Received a gift from Okawaru
 25411 | Spider:1 | Received a gift from Okawaru
 25826 | Spider:2 | Found the +7 Spriggan's Knife {stab, EV+4 Stlth+}
 25855 | Spider:2 | Received a gift from Okawaru
 25937 | Spider:2 | Reached XP level 17. HP: 136/166 MP: 25/25
 26528 | Spider:3 | Identified the serpent talisman of Hospitality {Int+4}
 26528 | Spider:3 | Noticed Aizul
 26552 | Spider:3 | Killed Aizul
 26593 | Spider:3 | Noticed Agnes
 26602 | Spider:3 | Killed Agnes
 26609 | Spider:3 | Received a gift from Okawaru
 26677 | Spider:3 | Noticed Mlioglotl
 26690 | Spider:3 | Killed Mlioglotl
 26737 | Spider:3 | Paralysed by a jorogumo for 2 turns
 27314 | Shoals:1 | Entered Level 1 of the Shoals
 27627 | Shoals:1 | Noticed Roxanne
 27671 | Shoals:1 | Received a gift from Okawaru
 27998 | Shoals:1 | Killed Roxanne
 28124 | Shoals:2 | Found Qioqilo's Visitors' Centre.
 28130 | Shoals:2 | Found Qioqilo's Merfolk Weapons.
 28130 | Shoals:2 | Found Qioqilo's Merfolk Armours.
 28469 | Shoals:2 | Found a runed translucent gate.
 28469 | Shoals:2 | Found a runed translucent gate.
 28469 | Shoals:2 | Found a runed translucent gate.
 28470 | Shoals:2 | Noticed Agetab's ghost (adept DECj)
 28761 | Shoals:2 | Killed Agetab's ghost
 28761 | Shoals:2 | Received a gift from Okawaru
 28767 | Shoals:2 | Identified the ring "Ninuim" {rElec rPois Int+6}
 28796 | Shoals:3 | Noticed Ilsuiw
 28800 | Shoals:3 | Found Heisuw's Magic Scroll Shop.
 28813 | Shoals:3 | Killed Ilsuiw
 28885 | Shoals:3 | Bought a scroll of brand weapon for 142 gold pieces
 28885 | Shoals:3 | Bought a scroll of teleportation for 45 gold pieces
 28885 | Shoals:3 | Bought a scroll of teleportation for 45 gold pieces
 28885 | Shoals:3 | Bought a scroll of teleportation for 45 gold pieces
 28885 | Shoals:3 | Bought a scroll of teleportation for 45 gold pieces
 29358 | Shoals:4 | Entered Level 4 of the Shoals
 29392 | Shoals:3 | Reached XP level 18. HP: 62/178 MP: 26/26
 29526 | Shoals:4 | Noticed Donald
 29671 | Shoals:4 | Found a flickering gateway to a bazaar.
 29683 | Bazaar   | Entered a bazaar
 29683 | Bazaar   | Found Jiuppiz's Weapon Boutique.
 29683 | Bazaar   | Found Zuef's Book Boutique.
 29708 | Bazaar   | Found Pobby's Distillery.
 29757 | Bazaar   | Found Hekuts's Weapon Shop.
 29814 | Bazaar   | Bought a potion of might for 36 gold pieces
 29814 | Bazaar   | Bought a potion of might for 36 gold pieces
 29814 | Bazaar   | Bought a potion of mutation for 72 gold pieces
 29814 | Bazaar   | Bought a potion of curing for 27 gold pieces
 29861 | Shoals:4 | Identified the +4 flail of Vaiffae {freeze, rC+}
 29885 | Shoals:4 | Received a gift from Okawaru
 29898 | Arena    | Entered the Arena
 29933 | Arena    | Entered the Arena
 29963 | Shoals:4 | Reached skill level 10 in Dodging
 30100 | Shoals:4 | Got a barnacled rune of Zot
 30115 | Shoals:4 | Got the Guidebook on the Vivid Brume
 30187 | Shoals:4 | Killed Donald
 30407 | Shoals:4 | Noticed Nikola
 30416 | Shoals:4 | Identified the +1 chain mail of Cockoef {Str+2 Int+3
                  | Stlth+}
 30424 | Shoals:4 | Killed Nikola
 30436 | Shoals:4 | Received a gift from Okawaru
 31009 | Spider:4 | Entered Level 4 of the Spider Nest
 31376 | Spider:4 | Received a gift from Okawaru
 32869 | Spider:4 | Received a gift from Okawaru
 32891 | Spider:4 | Reached skill level 15 in Dodging
 33039 | Spider:4 | Got a gossamer rune of Zot
 33396 | Elf:1    | Entered Level 1 of the Elven Halls
 33423 | Elf:1    | Reached skill level 1 in Throwing
 33907 | Elf:1    | Noticed Kirke
 33916 | Elf:1    | Killed Kirke
 33917 | Elf:1    | Reached XP level 19. HP: 177/179 MP: 27/27
 34480 | Elf:2    | Found a crumbling gateway.
 34514 | Desolati | Entered the Desolation of Salt
 34530 | Desolati | Received a gift from Okawaru
 34800 | Desolati | Reached skill level 5 in Throwing
 34843 | Desolati | Received a gift from Okawaru
 34879 | Desolati | Identified the +10 falchion of Foohiyhe {freeze, rN+ Int+8
                  | Dex-5}
 34883 | Desolati | Identified the ring "Wikko Cuzi" {rC+ rCorr MP+9 SInv}
 34961 | Desolati | Identified the ring "Coppuc" {Ice +Blink}
 34982 | Desolati | Identified the +8 glaive "Ynorchodd" {heavy, rF+ rN+ Str-2}
 35307 | Desolati | Identified the ring "Ivyp" {rF+ SInv}
 35318 | Desolati | Got the Essays on the Brilliant Snowflakes
 35577 | Elf:2    | Paralysed by an air elemental for 1 turns
 35593 | Elf:2    | Found a runed translucent gate.
 35593 | Elf:2    | Found a runed translucent gate.
 35593 | Elf:2    | Found a runed translucent gate.
 36029 | Arena    | Entered the Arena
 36064 | Arena    | Entered the Arena
 36158 | Elf:2    | Received a gift from Okawaru
 36535 | Elf:3    | Entered Level 3 of the Elven Halls
 36732 | Elf:3    | Found Caxitow's General Store.
 36782 | Elf:3    | Bought a potion of curing for 33 gold pieces
 37031 | Elf:3    | Found an ancient bone altar of Kikubaaqudgha.
 37446 | Elf:3    | Noticed a Brimstone Fiend
 38038 | Elf:3    | Identified the ring "Tuikhut" {Dex+3 SInv}
 38051 | Elf:3    | Reached XP level 20. HP: 183/195 MP: 28/28
 38071 | Elf:3    | Identified the +8 glaive of Imbalance {chaos, ^Contam Fly
                  | rN+ Int+7}
 38071 | Elf:3    | Identified the +2 robe of the Old World {Dex+3}
 38071 | Elf:3    | Identified the ring of Sunlight {rF+ Will- rCorr SInv}
 38084 | Elf:3    | Received a gift from Okawaru
 38228 | Arena    | Entered the Arena
 38398 | Elf:3    | Identified the +1 lajatang "CobblerOfWar's Foe" {venom,
                  | *Rage *Corrode Int+2 Dex+5}
 38398 | Elf:3    | Identified the ring "Jizyomukk" {rF+ AC+4}
 38468 | Elf:3    | Found the +8 arc blade {discharge, rElec}
 38541 | Elf:3    | Identified the +2 mace of Watchfulness {drain, Fly rPois
                  | Int+5 Dex-2}
 38542 | Elf:3    | Identified the staff of Kunon {rPois rC+ Dex+3 Ice}
 38547 | Elf:3    | Identified the +7 spear of Yhath {vamp, *Corrode rPois
                  | Str+3 Int+5}
 38867 | Vaults:1 | Entered Level 1 of the Vaults
 39035 | Vaults:1 | Found Axayfaz's Distillery.
 39061 | Vaults:1 | Bought a potion of curing for 63 gold pieces
 39061 | Vaults:1 | Bought a potion of cancellation for 168 gold pieces
 39061 | Vaults:1 | Bought a potion of might for 84 gold pieces
 39872 | Vaults:2 | Noticed Xtahua
 39874 | Vaults:2 | Paralysed by Xtahua for 5 turns
 39897 | Vaults:2 | Paralysed by Xtahua for 5 turns
 39906 | Vaults:2 | Killed Xtahua
 39906 | Vaults:2 | Received a gift from Okawaru
 40013 | Vaults:2 | Identified the +10 arbalest "Pygim" {drain, rC+ Str+4}
 41093 | Vaults:2 | Found a staircase to the Crypt.
 41093 | Vaults:2 | Found an ancient bone altar of Kikubaaqudgha.
 41093 | Vaults:2 | Found a basalt altar of Yredelemnul.
 41118 | Vaults:2 | Received a gift from Okawaru
 41633 | Vaults:3 | Found Foxzeomn's Assorted Antiques.
 41639 | Vaults:3 | Bought a scroll of blinking for 322 gold pieces
 41729 | Vaults:3 | Reached XP level 21. HP: 207/207 MP: 29/29
 41754 | Vaults:3 | Found a portal to a secret trove of treasure.
 41917 | D:12     | Bought the +7 scimitar of Execution {vamp, rElec Will++
                  | Dex+5} for 1197 gold pieces
 42047 | Vaults:3 | You paid a toll of the scimitar of Execution to enter a
                  | treasure trove
 42048 | Trove    | Entered a treasure trove
 42052 | Trove    | Identified the +2 robe "Muona" {-Tele rF++ Str+3}
 42057 | Trove    | Identified the +0 hat "Hahuy" {Int+2 Dex+3}
 42059 | Trove    | Found the +18 shield of the Gong {Loud rN+ Will+ rCorr
                  | EV-5}
 42062 | Trove    | Identified the +0 hat of Hadjma {Dex+4}
 42063 | Trove    | Identified the orb of Brilliance {mayhem, Str+4}
 42073 | Trove    | Identified the +1 cloak "Fudi" {rC+ Int+4}
 42077 | Trove    | Identified the +2 hat "Gociafya" {*Slow rN+ Regen+}
 42078 | Trove    | Acquired 586 gold pieces
 42080 | Trove    | Identified the +0 chain mail "Omuihuhu" {Rampage +Inv rPois
                  | Dex+4}
 42086 | Trove    | Identified the +10 plate armour of the Maze {rF+ rN+}
 42478 | Vaults:3 | Identified the amulet "Rugeirat" {RegenMP Stlth+}
 42553 | Vaults:3 | Identified the staff "Kixkem Athre" {rF+ Str-2 Dex+5 Necro
                  | Fire Air}
 42560 | Vaults:3 | Identified the +0 ring mail of the Supporting Gods {Int+4}
 42861 | Vaults:3 | Received a gift from Okawaru
 43121 | Vaults:3 | Paralysed by a formless jellyfish for 1 turns
 43467 | Vaults:4 | Found a glowing silver altar of Zin.
 43685 | Vaults:4 | Received a gift from Okawaru
 43859 | Vaults:4 | Identified the +1 shortbow "Toasacu" {flame, rPois Will+
                  | Str-2 Dex+6}
 44815 | Depths:1 | Entered Level 1 of the Depths
 44944 | Depths:1 | Received a gift from Okawaru
 44961 | Depths:1 | Acquired a manual of Invocations
 45279 | Depths:1 | Found Wocsy's Assorted Antiques.
 45426 | Depths:1 | Found a radiant altar of Vehumet.
 45481 | Depths:1 | Found a gateway to Hell.
 45619 | Depths:1 | Found Soso's Antique Armour Shoppe.
 45741 | Depths:1 | Found Teucreu's Antique Armour Boutique.
 45749 | Depths:1 | Bought a pair of runed gloves for 315 gold pieces
 45853 | Depths:2 | Found Myzureo's Magic Scroll Shop.
 45868 | Depths:2 | Reached XP level 22. HP: 220/220 MP: 30/30
 45872 | Depths:2 | Bought a scroll of enchant weapon for 127 gold pieces
 45938 | Depths:2 | Received a gift from Okawaru
 45989 | Depths:2 | Found a sparkling altar of Nemelex Xobeh.
 46307 | Depths:2 | Found a transporter.
 46310 | Depths:2 | Found Kepsugic's Antique Weapon Boutique.
 46349 | Depths:2 | Found a one-way gate leading to the halls of Pandemonium.
 46488 | Depths:2 | Found Xiroetodgh's General Store.
 46507 | Depths:2 | Bought a potion of cancellation for 88 gold pieces
 46527 | Depths:2 | Found Peptoadd's General Store.
 46970 | Depths:2 | Received a gift from Okawaru
 47037 | Depths:2 | Found a transporter.
 47378 | Depths:3 | Noticed a dread lich
 47378 | Depths:3 | Noticed an ancient lich
 47378 | Depths:3 | Found a one-way gateway to a ziggurat.
 47638 | Depths:2 | Killed a dread lich
 47649 | Depths:3 | Killed an ancient lich
 47880 | Depths:2 | Found Giod's Antique Armour Shoppe.
 47933 | Depths:3 | Found a corrupted altar of Lugonu.
 48336 | Depths:3 | Received a gift from Okawaru
 49019 | Depths:4 | Entered Level 4 of the Depths
 49154 | Depths:4 | Noticed a golden dragon
 49162 | Depths:4 | Noticed a juggernaut
 49176 | Depths:3 | Killed a golden dragon
 49322 | Depths:3 | Received a gift from Okawaru
 49594 | Depths:3 | Killed a juggernaut
 49789 | Depths:4 | Reached XP level 23. HP: 199/229 MP: 31/31
 49904 | Depths:4 | Found a gate to the Realm of Zot.
 49941 | Depths:4 | Received a gift from Okawaru
 50103 | Depths:4 | Identified the ring of the Establishment {Ice rElec rPois
                  | Int-4 SInv}
 50103 | Depths:4 | Noticed Josephina
 50129 | Depths:4 | Killed Josephina
 50552 | Hell     | Entered the Vestibule of Hell
 50552 | Hell     | Noticed Geryon
 50554 | Hell     | Noticed Murray
 50621 | Depths:4 | Killed Murray
 51248 | Crypt:1  | Entered Level 1 of the Crypt
 51587 | Crypt:1  | Received a gift from Okawaru
 52643 | Arena    | Entered the Arena
 52775 | Crypt:1  | Found an ancient bone altar of Kikubaaqudgha.
 52814 | Arena    | Entered the Arena
 52934 | Crypt:2  | Noticed a royal mummy
 52935 | Crypt:2  | Noticed Khufu
 52936 | Crypt:2  | Noticed a royal mummy
 53162 | Crypt:1  | Killed Khufu
 53162 | Crypt:1  | Received a gift from Okawaru
 53321 | Crypt:2  | Noticed Sojobo
 53324 | Crypt:2  | Paralysed by an air elemental for 1 turns
 53360 | Crypt:2  | Paralysed by an air elemental for 1 turns
 53362 | Crypt:2  | Killed Sojobo
 53595 | Crypt:2  | Killed a royal mummy
 54143 | Crypt:2  | Killed a royal mummy
 54195 | Crypt:3  | Entered Level 3 of the Crypt
 54449 | Crypt:3  | Received a gift from Okawaru
 54497 | Crypt:3  | Found a basalt altar of Yredelemnul.
 54519 | Crypt:3  | Noticed a dread lich
 54528 | Crypt:3  | Killed a dread lich
 54583 | Crypt:3  | Identified the ring "Kilirief" {Will- rCorr Str+7}
 54584 | Crypt:3  | Acquired a +5 broad axe of flaming
 54600 | Crypt:3  | Identified the +0 scimitar "Ogeloc" {flame, *Rage rElec
                  | rPois Str+3}
 54687 | Crypt:3  | Identified the staff of Noceff {Will+ Earth}
 54687 | Crypt:3  | Identified the death talisman of the Everdark {+Blink rElec
                  | Will+}
 54735 | Crypt:3  | Found a staircase to the Tomb.
 54772 | Crypt:3  | Reached XP level 24. HP: 181/222 MP: 31/31
 55082 | Crypt:3  | Found the +3 giant club "Skullcrusher" {speed, Str+7}
 55135 | Arena    | Entered the Arena
 55155 | Arena    | Entered the Arena
 55598 | Crypt:3  | Received a gift from Okawaru
 55696 | Crypt:3  | Acquired a manual of Throwing
 56289 | Slime:1  | Entered Level 1 of the Pits of Slime
 56933 | Slime:1  | Gained mutation: You are weak. (Str -2) [a shining eye]
 56946 | Slime:1  | Paralysed by a formless jellyfish for 1 turns
 56948 | Slime:1  | Gained mutation: You are frail. (-10% HP) [a shining eye]
 56949 | Slime:1  | Gained mutation: Your mind is acute. (Int +4, Str/Dex -1)
                  | [a shining eye]
 57057 | Slime:1  | Gained mutation: Your spells are a little easier to cast,
                  | but a little less powerful. [a shining eye]
 57288 | Slime:3  | Gained mutation: You have hidden genetic defects. [a
                  | shining eye]
 57291 | Slime:3  | Noticed Dissolution
 57295 | Slime:3  | Gained mutation: Armour fits poorly on your strangely
                  | shaped body. [a shining eye]
 57314 | Slime:3  | Killed Dissolution
 57336 | Slime:3  | Gained mutation: You are very frail. (-20% HP) [a shining
                  | eye]
 57498 | Slime:3  | Received a gift from Okawaru
 57764 | Slime:4  | Reached skill level 10 in Throwing
 58178 | Slime:5  | Entered Level 5 of the Pits of Slime
 58347 | Slime:5  | Gained mutation: You occasionally shout uncontrollably at
                  | your foes. [hidden defects]
 58646 | Slime:5  | Noticed the Royal Jelly
 58650 | Slime:5  | Paralysed by a formless jellyfish for 1 turns
 58852 | Slime:4  | Lost mutation: You are weak. (Str -2) [potion of mutation]
 58852 | Slime:4  | Lost mutation: Armour fits poorly on your strangely shaped
                  | body. [potion of mutation]
 58852 | Slime:4  | Lost mutation: You have hidden genetic defects. [potion of
                  | mutation]
 58852 | Slime:4  | Gained mutation: You are extremely frail. (-30% HP) [potion
                  | of mutation]
 58852 | Slime:4  | Gained mutation: Your muscles are strong. (Str +4, Int/Dex
                  | -1) [potion of mutation]
 58854 | Slime:4  | Lost mutation: You are extremely frail. (-30% HP) [potion
                  | of mutation]
 58854 | Slime:4  | Lost mutation: You are very frail. (-20% HP) [potion of
                  | mutation]
 58854 | Slime:4  | Gained mutation: Armour fits poorly on your strangely
                  | shaped body. [potion of mutation]
 58855 | Slime:4  | Lost mutation: You are frail. (-10% HP) [potion of
                  | mutation]
 58855 | Slime:4  | Lost mutation: Armour fits poorly on your strangely shaped
                  | body. [potion of mutation]
 58855 | Slime:4  | Lost mutation: Your spells are a little easier to cast, but
                  | a little less powerful. [potion of mutation]
 58855 | Slime:4  | Gained mutation: You occasionally lose the ability to drink
                  | potions when taking damage. [potion of mutation]
 58855 | Slime:4  | Lost mutation: You occasionally shout uncontrollably at
                  | your foes. [potion of mutation]
 58855 | Slime:4  | Gained mutation: Your muscles are very strong. (Str +8,
                  | Int/Dex -2) [potion of mutation]
 58855 | Slime:4  | Gained mutation: You are resistant to electric shocks.
                  | (rElec) [potion of mutation]
 58957 | Slime:5  | Killed the Royal Jelly
 59075 | Slime:5  | Identified the ring of Xupeaschai {rPois rN+ Int+7}
 59081 | Slime:5  | Got a slimy rune of Zot
 59119 | Slime:5  | Got the Atlas of Tinctures and Orientation
 59128 | Slime:5  | Identified the +0 robe of Olitwel {*Corrode rC+++ rN+
                  | Archmagi}
 59131 | Slime:5  | Identified the +7 shortbow of Uncertain Death {drain, rF+
                  | Int+3}
 59177 | Slime:5  | Identified the staff "Bomu" {rC+ Int+2 Conj Ice}
 59674 | Vaults:5 | Entered Level 5 of the Vaults
 59674 | Vaults:5 | Noticed Mara
 59680 | Vaults:5 | Noticed CobblerOfWar's illusion
 59697 | Arena    | Entered the Arena
 59747 | Arena    | Entered the Arena
 59782 | Vaults:5 | Noticed CobblerOfWar's illusion
 59783 | Vaults:5 | Reached XP level 25. HP: 218/248 MP: 31/31
 59879 | Vaults:5 | Noticed CobblerOfWar's illusion
 59879 | Arena    | Entered the Arena
 60010 | Vaults:4 | Received a gift from Okawaru
 60021 | Vaults:5 | Identified the +4 mace of Ipyquz {flame, Int+3}
 60047 | Vaults:5 | Noticed Jory
 60145 | Vaults:5 | Noticed a dread lich
 60164 | Vaults:4 | Killed a dread lich
 60173 | Vaults:4 | Killed Jory
 60311 | Vaults:5 | Identified the +3 battleaxe of Muihezul {pain, Will+ MP+9
                  | Int-2}
 60312 | Vaults:5 | Noticed CobblerOfWar's illusion
 60395 | Vaults:5 | Noticed a dread lich
 60397 | Vaults:5 | Identified the orb "Bafu" {*channel, Slay+5 Stlth- Summ
                  | Tloc}
 60397 | Vaults:5 | Noticed Frederick
 60488 | Vaults:5 | Noticed CobblerOfWar's illusion
 60496 | Arena    | Entered the Arena
 60503 | Arena    | Killed a dread lich
 60527 | Vaults:5 | Received a gift from Okawaru
 60653 | Vaults:5 | Noticed CobblerOfWar's illusion
 60749 | Vaults:4 | Killed Frederick
 60818 | Vaults:4 | Noticed CobblerOfWar's illusion
 60859 | Vaults:4 | Noticed CobblerOfWar's illusion
 61510 | Vaults:5 | Identified the +5 mace of Eto Feah {protect, *Noise Fly
                  | Str+3}
 61619 | Vaults:5 | Got a silver rune of Zot
 62538 | Depths:3 | Voluntarily entered the Abyss.
 62797 | Abyss:3  | Got an abyssal rune of Zot
 62851 | Depths:3 | Escaped the Abyss
 62900 | Depths:3 | Lost mutation: Your mind is acute. (Int +4, Str/Dex -1)
                  | [potion of mutation]
 62900 | Depths:3 | Lost mutation: You are resistant to electric shocks.
                  | (rElec) [potion of mutation]
 62900 | Depths:3 | Lost mutation: You occasionally lose the ability to drink
                  | potions when taking damage. [potion of mutation]
 62900 | Depths:3 | Gained mutation: Your spells are a little harder to cast,
                  | but a little more powerful. [potion of mutation]
 62900 | Depths:3 | Gained mutation: You are robust. (+10% HP) [potion of
                  | mutation]
 62949 | Zot:1    | Entered Level 1 of the Realm of Zot
 62971 | Zot:1    | Identified the +3 leather armour "Xuiss" {rC+ Dex+3}
 63568 | Zot:2    | Found the +4 dragonskin cloak
 63568 | Zot:2    | Noticed Tiamat
 63581 | Zot:2    | Received a gift from Okawaru
 63590 | Abyss:4  | Cast into level 4 of the Abyss (Tiamat)
 63761 | Abyss:4  | Reached skill level 27 in Fighting
 63773 | Abyss:4  | Reached XP level 26. HP: 191/292 MP: 31/31
 63852 | Abyss:4  | Lost mutation: You are robust. (+10% HP) [a neqoxec]
 63855 | Zot:2    | Escaped the Abyss
 63857 | Zot:2    | Gained mutation: You are vulnerable to heat. (rF-) [a
                  | neqoxec]
 63863 | Zot:1    | Reached skill level 27 in Shields
 64340 | Zot:2    | Killed Tiamat
 64367 | Zot:2    | Received a gift from Okawaru
 64513 | Zot:2    | Reached skill level 15 in Throwing
 65463 | Zot:3    | Noticed an orb of fire
 65464 | Zot:3    | Noticed an orb of fire
 65468 | Zot:3    | Gained mutation: Your magical capacity is low. (-10% MP)
                  | [an orb of fire]
 65475 | Zot:3    | Killed an orb of fire
 65487 | Zot:3    | Killed an orb of fire
 65774 | Zot:3    | Received a gift from Okawaru
 66189 | Zot:3    | Found a runed translucent door.
 66784 | Zot:3    | Noticed Noulax's ghost (master HuWn)
 66882 | Zot:4    | Received a gift from Okawaru
 67349 | Zot:4    | Reached XP level 27. HP: 263/273 MP: 27/27
 68883 | Zot:4    | Lost mutation: Your spells are a little harder to cast, but
                  | a little more powerful. [potion of mutation]
 68883 | Zot:4    | Lost mutation: You are vulnerable to heat. (rF-) [potion of
                  | mutation]
 68883 | Zot:4    | Gained mutation: You are partially covered in iridescent
                  | scales. (AC +2) [potion of mutation]
 68883 | Zot:4    | Gained mutation: You do not regenerate when monsters are
                  | visible. [potion of mutation]
 68883 | Zot:4    | Gained mutation: Your mind is acute. (Int +4, Str/Dex -1)
                  | [potion of mutation]
 68884 | Zot:4    | Lost mutation: Your mind is acute. (Int +4, Str/Dex -1)
                  | [potion of mutation]
 68884 | Zot:4    | Lost mutation: Your muscles are very strong. (Str +8,
                  | Int/Dex -2) [potion of mutation]
 68884 | Zot:4    | Gained mutation: You are clumsy. (Dex -2) [potion of
                  | mutation]
 68884 | Zot:4    | Gained mutation: You are mostly covered in iridescent
                  | scales. (AC +4) [potion of mutation]
 68884 | Zot:4    | Gained mutation: You have very sharp teeth. [potion of
                  | mutation]
 68885 | Zot:4    | Lost mutation: Your muscles are strong. (Str +4, Int/Dex
                  | -1) [potion of mutation]
 68885 | Zot:4    | Lost mutation: You do not regenerate when monsters are
                  | visible. [potion of mutation]
 68885 | Zot:4    | Lost mutation: You are mostly covered in iridescent scales.
                  | (AC +4) [potion of mutation]
 68885 | Zot:4    | Lost mutation: You have very sharp teeth. [potion of
                  | mutation]
 68885 | Zot:4    | Gained mutation: Your system is resistant to poisons.
                  | (rPois) [potion of mutation]
 69012 | Zot:5    | Entered Level 5 of the Realm of Zot
 69021 | Zot:5    | Received a gift from Okawaru
 69739 | Zot:5    | Noticed an orb of fire
 69739 | Zot:5    | Gained mutation: You occasionally lose the ability to drink
                  | potions when taking damage. [an orb of fire]
 69751 | Zot:5    | Killed an orb of fire
 69809 | Zot:5    | Noticed an ancient lich
 69809 | Zot:5    | Noticed an ancient lich
 69809 | Zot:5    | Noticed an orb of fire
 69825 | Zot:5    | Killed an ancient lich
 69827 | Zot:5    | Killed an orb of fire
 69827 | Zot:5    | Killed an ancient lich
 69827 | Zot:5    | Received a gift from Okawaru
 69828 | Zot:5    | Reached skill level 27 in Armour
 69865 | Zot:5    | Noticed an orb of fire
 69882 | Zot:5    | Killed an orb of fire
 69898 | Zot:5    | Noticed an orb of fire
 69916 | Zot:5    | Killed an orb of fire
 70082 | Zot:5    | Noticed an orb of fire
 70088 | Zot:5    | Noticed an orb of fire
 70094 | Zot:5    | Gained mutation: You sometimes lose your temper in combat.
                  | [an orb of fire]
 70096 | Zot:5    | Gained mutation: You are weak. (Str -2) [an orb of fire]
 70097 | Zot:5    | Killed an orb of fire
 70108 | Zot:5    | Gained mutation: You have an uncontrollable temper. [an orb
                  | of fire]
 70110 | Zot:5    | Killed an orb of fire
 70177 | Zot:5    | Received a gift from Okawaru
 70181 | Zot:5    | Noticed an orb of fire
 70185 | Zot:5    | Noticed an orb of fire
 70186 | Zot:5    | Noticed an orb of fire
 70193 | Zot:5    | Gained mutation: Your spells are a little easier to cast,
                  | but a little less powerful. [an orb of fire]
 70194 | Zot:5    | Gained mutation: You are vulnerable to heat. (rF-) [an orb
                  | of fire]
 70194 | Zot:5    | Gained mutation: You occasionally lose the ability to read
                  | scrolls when taking damage. [an orb of fire]
 70250 | Arena    | Entered the Arena
 70303 | Zot:5    | Reached skill level 27 in Dodging
 70305 | Zot:5    | Gained mutation: Potions are less effective at restoring
                  | your health. [an orb of fire]
 70311 | Zot:5    | Killed an orb of fire
 70317 | Zot:5    | Gained mutation: Your magical capacity is very low. (-20%
                  | MP) [an orb of fire]
 70327 | Zot:5    | Gained mutation: You do not regenerate when monsters are
                  | visible. [an orb of fire]
 70334 | Zot:5    | Gained mutation: You have hidden genetic defects. [an orb
                  | of fire]
 70336 | Zot:5    | Gained mutation: You have terrible hidden genetic defects.
                  | [an orb of fire]
 70337 | Zot:5    | Killed an orb of fire
 70337 | Zot:5    | Lost mutation: You occasionally lose the ability to read
                  | scrolls when taking damage. [an orb of fire]
 70341 | Zot:5    | Gained mutation: You occasionally shout uncontrollably at
                  | your foes. [an orb of fire]
 70625 | Zot:4    | Killed an orb of fire
 71304 | Zot:5    | Got the Orb of Zot
 71379 | Zot:5    | Noticed a seraph
 71512 | Zot:1    | Noticed Kaiteuh the pandemonium lord
 71521 | Zot:1    | Killed Kaiteuh the pandemonium lord
 71533 | Zot:1    | Received a gift from Okawaru
 71564 | Zot:1    | Paralysed by accursed screaming for 2 turns
 71566 | Zot:1    | Gained mutation: You are very clumsy. (Dex -4) [hidden
                  | defects]
 71604 | Zot:1    | Lost mutation: Your system is resistant to poisons. (rPois)
                  | [potion of mutation]
 71604 | Zot:1    | Lost mutation: You have an uncontrollable temper. [potion
                  | of mutation]
 71604 | Zot:1    | Gained mutation: You are resistant to electric shocks.
                  | (rElec) [potion of mutation]
 71899 | D:8      | Noticed Dotu the pandemonium lord
 71925 | D:6      | Noticed a seraph
 72019 | D:3      | Noticed Jyalangi the pandemonium lord
 72047 | D:$      | Escaped with the Orb!

Illustrated notes

Levels and vault maps discovered:
D:1:      dpeg_arrival_water_fire, layout_rooms, minmay_lizard_pond
D:2:      layout_rooms, uniq_robin, uniq_jessica, uniq_crazy_yiuf_cottage
D:3:      layout_basic, mainiacjoe_overflow_catwalk, uniq_grinder
D:4:      layout_basic, xom_redecorated
D:5:      layout_loops_ring, ebering_ghost_sewer_f,
          nicolae_shop_overcharged_wands, uniq_sigmund
D:6:      layout_rooms, kennysheep_mini, okawaru_metal_pillars_1_2,
          gammafunk_temple_overflow_arena, minmay_temple_entry_metal_lava
D:7:      layout_cave_pods, nicolae_overflow_hidden_temple, minmay_fountain_box
D:8:      gammafunk_wand_slinger, layout_cave_pools,
          chequers_temple_overflow_statue_of_worship,
          nicolae_gozag_seed_capital, serial_park_tiny_2, uniq_maggie
D:9:      layout_long_grid, mainiacjoe_overflow_boulevard,
          serial_co_window_serial, co_window_cross_1, co_window_corner_a,
          co_window_corner_a, co_window_paths_a, co_window_corner_a,
          co_window_cross_1, co_window_of_opportunity_b,
          co_window_unsneaky_path_e, co_window_2corner,
          co_window_unsneaky_path_c, co_window_corner_ca,
          chequers_serial_rivers_room_b, uniq_prince_ribbit1, uniq_grum,
          uniq_jeremiah
D:10:     minmay_opposing_rooms, layout_basic, nemelex_altar_shiori,
          nicolae_ashenzari_skybound, lemuel_doored_altar, lair_entry_dummy,
          orc_0_dummy, uniq_fannar
D:11:     layout_cave_pools, uniq_lodul
D:12:     layout_loops_cross, serial_shops, nicolae_shop_trees,
          hangedman_decor_growths
D:13:     layout_gridville, erik_vaults_2
D:14:     minmay_the_grid_square_5x5_4x4
          [minmay_the_grid_square_5x5_pentomino_r,
          minmay_the_grid_square_5x5_inner_z,
          minmay_the_grid_square_5x5_hollow_slash,
          minmay_the_grid_square_5x5_mess,
          minmay_the_grid_square_5x5_two_walls_b,
          minmay_the_grid_square_5x5_prize_pseudospiral,
          minmay_the_grid_square_5x5_prize_junk,
          minmay_the_grid_square_5x5_corner,
          minmay_the_grid_square_5x5_trominoes,
          minmay_the_grid_square_5x5_prize_deathbox,
          minmay_the_grid_square_5x5_prize_monsterx,
          minmay_the_grid_square_5x5_half_checkered,
          minmay_the_grid_square_5x5_bite,
          minmay_the_grid_square_5x5_two_walls_a,
          minmay_the_grid_square_5x5_tie, minmay_the_grid_square_5x5_z],
          layout_basic, serial_park_gazebo [serial_park_minivault_5x5_8],
          uniq_jorgrun
D:15:     grunt_enter_depths_hoard, layout_basic, fedhas_altar_2
Lair:1:   layout_concentric_octagons
Lair:2:   layout_small_grid, elwin_shoals_entry_stream, basic_altar,
          grunt_megastairs_2, lemuel_fruit_fields
Lair:3:   layout_concentric_octagons, dummy_spider_entry, enter_volcano_4
Lair:4:   layout_cave_shapes, slime_entry_1, portal_ice_cave_demonic_guard,
          chequers_serial_rivers_room_a
Lair:5:   hellmonk_lair_end_abyssal_woods, layout_long_grid, uniq_snorg
Shoals:1: layout_shoals, nicolae_shoals_lost_giant_hut,
          nicolae_shoals_undead_eyrie, uniq_roxanne
Shoals:2: nicolae_shoals_mermall, layout_shoals, ebering_ghost_rock_garden
Shoals:3: layout_shoals, serial_shops, nicolae_shop_statue_plus, uniq_ilsuiw
Shoals:4: shoals_end_simple, layout_shoals, shoal_ilsuiw, serial_shops,
          bzr_firewalk, uniq_nikola, uniq_donald
Spider:1: layout_spider_delve, nicolae_spider_not_touching_you
Spider:2: layout_spider_delve
Spider:3: layout_spider_delve, nicolae_spider_claw_tunnel, uniq_agnes,
          uniq_mlioglotl, uniq_aizul
Spider:4: spider_rune_water
Slime:1:  layout_caves
Slime:2:  nicolae_slime_pool, layout_caves
Slime:3:  layout_caves, uniq_dissolution
Slime:4:  layout_caves, nicolae_slime_ancient_tower_intersection
Slime:5:  slime_pit
Orc:1:    nicolae_orc_accident_1, layout_diamond_mine, basic_altar,
          uniq_nergalle
Orc:2:    grunt_orc_community_town_hall, layout_caves,
          grunt_orc_community_big_house_1, grunt_orc_community_big_house_1,
          grunt_orc_community_house_1, grunt_orc_community_house_3,
          grunt_orc_community_house_1, grunt_orc_community_house_1,
          grunt_orc_community_house_3, gauntlet_entry_generic, uniq_erolcha
Elf:1:    layout_loops_corners, minmay_elf_demonology, uniq_kirke
Elf:2:    nicolae_elf_blades_splatter_lattice
          [nicolae_blade_entry_sentries_behind_glass], layout_rooms,
          portal_desolation_entry_ruin
Elf:3:    elf_hall_gauntlet_wide, layout_geoelf_castle, serial_shops,
          nicolae_diamond_shop, st_stairs_13, david_defended_altar_elf
Vaults:1: nicolae_vaults_sesquioval_fish, nicolae_vaults_storage_closets_3,
          nicolae_vaults_apartment_1, nicolae_vaults_shelves_hall,
          nicolae_vaults_trapezoid_lopsided_3,
          vaults_room_grunt_arrival_checkpoint, nicolae_vaults_turnstiles,
          v_misc_13, dpeg_vaults_monster_box, lightli_orcish_oven,
          nicolae_vaults_tetromino_Z_1, layout_vaults_maze, serial_shops,
          nicolae_shop_tiny_statue_garden
Vaults:2: minmay_crypt_entry_necro_gods, v_misc_25, ontoclasm_vaults_fault,
          nicolae_vaults_enemy_cabinets, ontoclasm_vaults_ligature,
          nicolae_vaults_six-pack, v_misc_18, layout_vaults_omnigrid,
          uniq_xtahua
Vaults:3: hangedman_vaults_trim, vaults_room_corners, hangedman_vaults_stream,
          nicolae_vaults_storage_closets_1, v_rooms_1, vaults_room_door_hall,
          vaults_room_pools, nicolae_vaults_apartment_1,
          nicolae_vaults_storing_the_good_stuff, ontoclasm_vaults_twist,
          nicolae_vaults_layer_cake_slice, layout_vaults_ring,
          nicolae_trove_entry_free_sample, serial_shops,
          nicolae_shop_overgrown_old_shop
Vaults:4: nicolae_vaults_frosty_reception, nicolae_vaults_big_ls,
          hangedman_vaults_river_flow, lemuel_angel_altar,
          nicolae_vaults_mitosis, v_misc_27, nicolae_vaults_network_periphery,
          nicolae_vaults_apartment_2, ontoclasm_vaults_bender,
          layout_vaults_omnibox, uniq_saint_roka
Vaults:5: uniq_jory, uniq_mara, uniq_frederick
Crypt:1:  cheibrodos_crypt_eye_of_stone, layout_misc_corridors
Crypt:2:  layout_misc_corridors, nicolae_crypt_fancy_cubbyholes, uniq_sojobo,
          uniq_khufu
Crypt:3:  church_of_pain_bobbens, layout_chaotic_city,
          tomb_entry_forgotten_bobbens, nicolae_crypt_ancient_font, st_stairs_2,
          minmay_guarded_unrand_skullcrusher
Depths:1: layout_roguey, serial_shops, nicolae_shop_rolling_square,
          nicolae_diamond_shop, nicolae_shop_peninsula, grunt_hell_horde,
          st_stairs_3, nicolae_vehumet_altar_sigil, grunt_megastairs_4
Depths:2: regret_index_nemelex_summoning_deck_glade, layout_gridlike,
          rand_demon_pan_entry_3, serial_shops, shop, nicolae_shop_drivethru,
          nicolae_stop_n_shop_2, shop, shop, grunt_hell_entry_dis_mu
Depths:3: nzn_winding_woodlands_medium [nzn_winding_woodlands_5x5_default,
          nzn_winding_woodlands_5x15_pockets,
          nzn_winding_woodlands_5x5_perimeter,
          nzn_winding_woodlands_5x5_open_star,
          nzn_winding_woodlands_center_pierced_h,
          nzn_winding_woodlands_5x5_checkerboard,
          nzn_winding_woodlands_5x5_three,
          nzn_winding_woodlands_5x15_sidewinder,
          nzn_winding_woodlands_5x5_cross], layout_gridville, enter_ziggurat_d,
          kennysheep_flooded_box, hell_entry, abyss_entry_flame_altar,
          corexii_hall_statues_i
Depths:4: grunt_zot_entry_funnels, layout_cave_pools, solitary_fountain,
          hell_entry, uniq_josephina
Hell
Zot:1:    layout_twisted_circle, regret_index_zotdec_bone_old
Zot:2:    layout_misc_corridors, uniq_tiamat
Zot:3:    grunt_deathspiral_small, layout_cathedral_of_symmetry,
          ebering_ghost_reflecting_pool
Zot:4:    layout_cathedral_of_symmetry, regret_index_zotdec_misc_clamp
Zot:5:    layout_basic

Skill      XL: |  1  2  3  4  5  6  7  8  9 10 11 12 13 14 15 16 17 18 19 20 21 22 23 24 25 26 27 |
---------------+----------------------------------------------------------------------------------+-----
Axes           | 3 4 5 6 7 9 10 12 14 15 17 18 21 | 21.0
Fighting       | 4 5 6 7 8 9 10 11 12 14 15 18 20 22 23 24 25 26 27 | 27.0
Armour         | 4 5 6 7 8 9 10 11 12 14 15 16 17 19 20 21 22 24 26 27 | 27.0
Shields        | 4 5 6 7 8 9 10 11 12 13 15 18 20 21 23 24 25 26 27 | 27.0
Invocations    | 3 4 6 7 8 10 11 12 | 12.0
Dodging        | 3 5 8 15 17 18 19 20 21 22 24 27 | 27.0
Throwing       | 2 7 8 11 14 16 | 16.0

Action                     |  1- 3 |  4- 6 |  7- 9 | 10-12 | 13-15 | 16-18 | 19-21 | 22-24 | 25-27 || total
---------------------------+-------+-------+-------+-------+-------+-------+-------+-------+-------++-------
  Melee: War axe           |    54 |   108 |   319 |    36 |       |       |       |       |       ||   517
         Headbutt          |     4 |    12 |    49 |   110 |   273 |   368 |   545 |   820 |   643 ||  2824
         Broad axe         |       |       |       |   458 |  1029 |  1348 |  1717 |  2145 |  1857 ||  8554
  Throw: Javelin           |       |       |       |       |       |    27 |       |     7 |    47 ||    81
 Invoke: Heroism           |       |       |     1 |     3 |     3 |     6 |     6 |     8 |     5 ||    32
         Receive Weapon    |       |       |       |     1 |       |       |       |       |       ||     1
         Receive Armour    |       |       |       |     1 |       |       |       |       |       ||     1
         Finesse           |       |       |       |       |     2 |     2 |     2 |     8 |     9 ||    23
         Duel              |       |       |       |       |       |     2 |     3 |     6 |     3 ||    14
  Evoke: Wand              |       |       |     4 |    12 |     1 |    11 |       |     2 |     3 ||    33
         Lightning rod     |       |       |       |       |       |     8 |       |       |       ||     8
         Phial of floods   |       |       |       |       |       |     1 |       |       |       ||     1
    Use: Scroll            |       |       |     7 |    10 |     6 |    14 |     7 |    25 |     5 ||    74
         Potion            |       |       |     1 |     1 |       |    11 |    10 |    22 |    21 ||    66
   Stab: Paralysed         |       |       |       |     6 |       |       |       |       |       ||     6
         Invisible         |       |       |       |       |       |     3 |       |       |     3 ||     6
         Distracted        |       |       |       |       |       |       |       |     1 |       ||     1
 Armour: Scale mail        |    62 |    94 |    61 |       |       |       |       |       |       ||   217
         Chain mail        |       |       |   219 |    10 |       |       |       |       |       ||   229
         Plate armour      |       |       |       |   397 |    73 |       |       |       |       ||   470
         Crystal plate arm |       |       |       |       |   391 |   827 |   960 |   314 |       ||  2492
         Gold dragon scale |       |       |       |       |       |       |       |   875 |  1267 ||  2142
  Dodge: Dodged            |    42 |    53 |   129 |   136 |   163 |   323 |   381 |   533 |   746 ||  2506
  Block: Buckler           |    22 |    33 |   103 |    72 |       |       |       |       |       ||   230
         Kite shield       |       |       |       |   236 |    33 |       |       |       |       ||   269
         Tower shield      |       |       |       |       |   806 |  1571 |  1820 |  2275 |  2162 ||  8634

Table legend: (Time is in decaauts)
 A = Elapsed time spent in this place.
 B = Non-inter-level travel time spent in this place.
 C = Inter-level travel time spent in this place.
 D = Time resting spent in this place.
 E = Time spent auto-exploring this place.
 F = Levels seen in this place.
 G = Mean time per level.
                   A        B        C        D        E       F      G
               +--------+--------+--------+--------+--------+-----+--------+
         Total |  70518 |  62050 |   8468 |  12144 |  35628 |  80 |  881.5 |
       Dungeon |  16857 |  14463 |   2394 |   2535 |   9294 |  15 | 1123.8 |
          Lair |   5701 |   4619 |   1082 |    369 |   3396 |   5 | 1140.2 |
        Shoals |   3754 |   3189 |    565 |    377 |   1985 |   4 |  938.5 |
   Spider Nest |   4268 |   3660 |    608 |    445 |   2279 |   4 | 1067.0 |
    Slime Pits |   2883 |   2548 |    335 |    449 |   1535 |   5 |  576.6 |
  Orcish Mines |   1732 |   1412 |    320 |     92 |    950 |   2 |  866.0 |
   Elven Halls |   4196 |   3742 |    454 |    955 |   2032 |   3 | 1398.7 |
        Vaults |   8530 |   7424 |   1106 |   1702 |   4151 |   5 | 1706.0 |
         Crypt |   4472 |   4163 |    309 |    995 |   2091 |   3 | 1490.7 |
        Depths |   6182 |   5506 |    676 |   1418 |   2748 |   4 | 1545.5 |
          Hell |     16 |     16 |      0 |      0 |      0 |   1 |   16.0 |
           Zot |   7931 |   7317 |    614 |   1873 |   3730 |   5 | 1586.2 |
         Abyss |    574 |    574 |      0 |      8 |      0 |   4 |  143.5 |
        Bazaar |    139 |    139 |      0 |      0 |     90 |   1 |  139.0 |
         Trove |     45 |     45 |      0 |      0 |      5 |   1 |   45.0 |
      Ice Cave |    611 |    611 |      0 |    133 |    262 |   1 |  611.0 |
       Volcano |   1032 |   1032 |      0 |    484 |    358 |   1 | 1032.0 |
    Desolation |    905 |    905 |      0 |    135 |    477 |   1 |  905.0 |
      Gauntlet |    371 |    371 |      0 |      5 |    240 |   1 |  371.0 |
         Arena |    310 |    310 |      0 |    165 |      0 |  14 |   22.1 |
               +--------+--------+--------+--------+--------+-----+--------+

Top non-repeatable levels by time:
Vaults:4: 2735 daAuts
   Zot:3: 2171 daAuts
   Elf:3: 2082 daAuts
Depths:3: 2055 daAuts
   Zot:5: 1909 daAuts
    D:10: 1896 daAuts
Vaults:2: 1846 daAuts
Depths:2: 1814 daAuts
   Zot:4: 1784 daAuts
 Crypt:1: 1763 daAuts
     D:9: 1688 daAuts
     D:7: 1661 daAuts
 Crypt:3: 1647 daAuts
Vaults:3: 1591 daAuts
  Lair:2: 1501 daAuts
